Map: Ultralove

Players

Sindyr

  • Race: Zerg Zerg
  • League: Master
  • Spawn Location: 1:00

Rowadz - Winner!

  • Race: Zerg Zerg
  • League: Master
  • Spawn Location: 7:00

VOD

Have the link to the VOD?

Description

Time

  • Played on: Oct. 25, 2025, 6:48 a.m.
  • Length: 8:45
Show
View Real Time Build Order
Export as new Build Order

Sindyr Zerg 

Build Orders: Hatch First 

Get SALT Encoding   

  12  0:04  Drone  
  14  0:14  Drone  
  14  0:22  Extractor  
  14  0:28  Drone  
  14  0:34  Overlord x2  
  15  0:57  Drone  
  15  1:03  Drone x2  
  18  1:07  Extractor  
  18  1:08  Hatchery  
  16  1:23  Spawning Pool  
  16  1:24  Drone  
  16  1:27  Drone  
  17  1:35  Drone  
  18  1:52  Drone  
  19  1:55  Drone  
  20  2:17  Queen  
  20  2:22  Hatchery  
  21  2:23  Queen  
  21  2:29  Metabolic Boost  
  23  2:33  Zergling x2  
  23  2:36  Zergling x2  
  25  2:39  Zergling x2  
  26  2:46  Zergling x2  
  26  2:47  Zergling x2  
  26  2:49  Zergling x2  
  29  2:54  Zergling x2  
  29  2:56  Zergling x2  
  31  3:10  Queen  
  31  3:12  Drone  
  34  3:14  Drone  
  35  3:32  Lair  
  35  3:34  Overlord  
  35  3:48  Overlord  
  35  3:49  Overlord  
  35  4:18  Roach Warren  
  35  4:19  Drone x9  
  35  4:22  Drone  
  44  4:39  Zergling x2  
  44  4:40  Zergling x10  
  44  4:43  Zergling x2  
  44  4:45  Zergling x2  
  44  4:46  Zergling x2  
  44  4:49  Zergling x2  
  26  5:07  Zergling x2  
  26  5:08  Zergling x10  
  32  5:14  Zergling x4  
  34  5:27  Zergling x2  
  34  5:28  Zergling x6  
  31  5:39  Overlord  
  31  5:58  Queen  
  31  5:59  Queen  
  29  6:29  Drone  
  29  6:30  Drone x8  
  29  6:31  Drone  
  33  6:34  Drone  
  33  6:37  Drone  
  35  6:52  Spine Crawler  
  34  6:57  Extractor  
  34  6:58  Extractor  
  34  6:59  Drone x2  
  34  7:07  Infestation Pit  
  33  7:11  Evolution Chamber  
  33  7:15  Evolution Chamber  
  31  7:25  Queen  
  33  7:46  Zergling x2  
  33  7:47  Zergling x8  
  33  7:48  Zergling x2  
  33  7:50  Zergling x2  
  38  7:52  Zergling x2  
  39  8:03  Spine Crawler  
  37  8:18  Extractor  
  36  8:27  Spine Crawler  
Show
View Real Time Build Order
Export as new Build Order

Rowadz Zerg - Winner!

Build Orders: Hatch First 

Get SALT Encoding   

  12  0:01  Drone  
  13  0:28  Hatchery  
  12  0:31  Drone  
  13  0:36  Drone  
  14  0:44  Overlord  
  14  0:56  Extractor, Drone  
  15  1:12  Spawning Pool  
  15  1:13  Drone x2  
  15  1:16  Extractor  
  15  1:18  Drone  
  16  1:26  Drone  
  17  1:36  Drone  
  18  1:43  Drone  
  19  1:50  Drone  
  20  1:59  Drone  
  21  2:09  Queen  
  21  2:12  Hatchery  
  22  2:20  Queen  
  24  2:31  Drone  
  24  2:32  Drone, Metabolic Boost  
  26  2:37  Overlord  
  26  2:49  Drone x2  
  28  2:56  Overlord  
  28  3:06  Zergling x8  
  28  3:10  Lair  
  32  3:13  Drone  
  32  3:19  Queen  
  33  3:25  Overlord  
  35  3:29  Drone  
  35  3:30  Drone  
  37  3:34  Overlord  
  37  3:46  Zergling x2  
  37  3:47  Zergling x8  
  42  4:00  Queen  
  42  4:01  Zergling x2  
  42  4:02  Zergling x6  
  48  4:11  Roach Warren  
  48  4:13  Drone x2  
  49  4:32  Drone x8  
  49  4:35  Drone  
  53  5:05  Zergling x16  
  53  5:06  Zergling x2  
  57  5:12  Extractor x2  
  52  5:17  Extractor  
  52  5:20  Evolution Chamber  
  50  5:21  Drone  
  50  5:22  Drone x4, Evolution Chamber  
  51  5:39  Zergling x12  
  57  5:47  Zergling x2  
  57  5:48  Overlord x6  
  56  5:53  Spine Crawler  
  56  5:55  Spine Crawler  
  50  5:59  Roach  
  50  6:00  Roach, Spine Crawler x2  
  52  6:06  Zerg Melee Weapons Level 1  
  52  6:10  Zerg Ground Armor Level 1  
  52  6:15  Drone x2  
  52  6:16  Drone x2  
  52  6:18  Drone  
  50  6:34  Roach  
  50  6:35  Roach x5  
  50  6:37  Overseer  
  50  6:38  Overseer  
  62  6:47  Zergling x2  
  62  6:48  Zergling x8  
  62  6:50  Drone  
  62  6:51  Drone  
  62  6:52  Drone  
  70  6:56  Drone x2  
  70  6:58  Drone  
  73  7:06  Zergling x2  
  73  7:07  Zergling x4  
  76  7:08  Drone  
  76  7:14  Drone x4  
  81  7:17  Drone  
  82  7:31  Hydralisk Den  
  82  7:33  Spire  
  80  7:38  Zergling x2  
  80  7:39  Zergling x14  
  88  7:47  Hatchery  
  85  7:53  Zergling x12  
  91  8:11  Zergling x2  
  91  8:12  Zergling x16  
  100  8:17  Roach  
Tags
 
Matchup
ZvZ
Race
Zerg
Replay Pack
Multiplayer
Spawn Locations
Cross Positions
Add a new tag
Caveats
  • Supply blocks, unpowered buildings, or Contaminate may cause inaccurate times.
  • Supply counts are checked every 10 seconds.